 Dungeon Crawl Stone Soup version 0.16.1-7-g2c6721e (webtiles) character file.

265 siprus the Sneak (level 5, 0/24 HPs)
             Began as a Spriggan Enchanter on Mar 29, 2015.
             Killed by divine providence
             ... invoked by an orc priest
              (16 damage)
             ... on level 4 of the Dungeon.
             The game lasted 00:11:37 (2527 turns).

siprus the Sneak (Spriggan Enchanter)               Turns: 2527, Time: 00:11:37

Health: 0/24       AC:  3    Str:  4    XL:     5   Next: 99%
Magic:  1/18       EV: 20    Int: 17    God:
Gold:   197        SH:  0    Dex: 19    Spells: 4 memorised, 4 levels left

rFire  . . .     SeeInvis +     a - +1 dagger
rCold  . . .     Clarity  .     b - +1 robe
rNeg   . . .     SustAb   .     (shield restricted)
rPois  .         Gourm    .     (helmet restricted)
rElec  .         Spirit   .     (no cloak)
rCorr  .         Warding  .     (gloves unavailable)
rMut   .         Stasis   .     (boots unavailable)
MR     +....                    (no amulet)
Stlth  ++++......               q - ring of protection from magic
                                i - +2 ring of dexterity

@: very slightly contaminated, very quick, somewhat resistant to hostile
enchantments, stealthy
A: unfitting armour, see invisible, herbivore 3, speed 3, slow metabolism 2
a: no special abilities


You were on level 4 of the Dungeon.
You were not hungry.

You visited 1 branch of the dungeon, and saw 4 of its levels.

You collected 197 gold pieces.

Inventory:

Hand weapons
 a - a +1 dagger (weapon)
Armour
 b - a +1 robe (worn)
Jewellery
 i - a +2 ring of dexterity (left hand)
 q - a ring of protection from magic (right hand)
Scrolls
 e - a scroll of recharging {unknown}
 f - a scroll of enchant armour {unknown}
 h - 2 scrolls of remove curse {unknown}
 j - 4 scrolls of identify {unknown}
 l - 2 scrolls of teleportation {unknown}
 p - a scroll of immolation {unknown}
 t - 2 scrolls of fear {unknown}
Potions
 g - 2 potions of curing {unknown}
 k - 2 potions of heal wounds {unknown}
 m - a potion of ambrosia {unknown}
 o - a potion of flight {unknown}
 s - a potion of beneficial mutation {unknown}
 u - a potion of invisibility {unknown}
Books
 c - a book of Maledictions

   Spells                             Type                      Level
   a - Corona                         Hexes                        1
   b - Sure Blade                     Hexes/Charms                 2
   c - Ensorcelled Hibernation        Hexes/Ice                    2
   d - Confuse                        Hexes                        3
   e - Dazzling Spray                 Conjuration/Hexes            3
   f - Enslavement                    Hexes                        4
Comestibles
 d - 5 bread rations
 n - 2 fruits


   Skills:
 + Level 3.0 Short Blades
 + Level 4.0 Dodging
 + Level 5.4 Stealth
 * Level 4.6 Spellcasting
 * Level 5.2 Hexes


You had 4 spell levels left.
You knew the following spells:

 Your Spells              Type           Power        Failure   Level  Hunger
a - Corona                Hex            ###....      1%          1    None
b - Ensorcelled Hibernat  Hex/Ice        ##....       10%         2    ##.....
c - Confuse               Hex            ###.....     8%          3    ###....
d - Dazzling Spray        Conj/Hex       ##......     17%         3    ###....


Dungeon Overview and Level Annotations

Branches:
Dungeon (4/15)
 Temple: D:4-7

Altars:
Fedhas
Okawaru
Qazlal
Yredelemnul
The Shining One


Innate Abilities, Weirdness & Mutations

You are tiny and cannot use many weapons and most armour.
You have supernaturally acute eyesight.
You are a herbivore.
You cover ground extremely quickly.
You need consume almost no food.


Message History

The puff of flame hits you!
Casting: Ensorcelled Hibernation
Confirm with . or Enter, or press ? or * to list all spells.
Aiming: Ensorcelled Hibernation
Press: ? - help, Shift-Dir - straight line, f/p - orc wizard
Aim: an orc wizard, wielding a dagger of holy wrath and wearing a robe (heavily wounded, slightly transparent, chance 43%)
The orc wizard resists with some effort.
The orc wizard hits you but does no damage.
You hit the orc wizard.
The orc wizard is severely wounded.
The orc wizard closely misses you.
You hit the orc wizard.
The orc wizard is severely wounded.
The orc wizard closely misses you.
You closely miss the orc wizard.
The orc wizard is severely wounded.
The orc priest mumbles some strange prayers to Beogh against you.
Something smites you!
Ouch! That really hurt!
You die...

##.####.......... #.#
#..###.#.## #.#
#..........
#.####..###.###.#.#
#.................#
#######.##..###...#
#o##..# ##### #o##..#
#...####@##..###.
#...##...........
#...##...........
#...##.#.##.....
######...##.#.##..###
#.................#
###########)#.###.#
#.#.# #.#.#


You could see an orc priest and an orc wizard (invisible).

Vanquished Creatures
  A centaur (D:4)
  A scorpion (D:4)
  2 adders
  A giant mite (D:2)
  4 worms
  2 giant geckos (D:3)
  An ooze (D:2)
  An orc (D:4)
  2 ball pythons (D:3)
  7 giant cockroaches
  8 hobgoblins
  4 jackals (D:2)
  2 quokkas
  5 bats
  5 giant newts
  11 goblins
  9 kobolds
  10 rats
76 creatures vanquished.

Notes
Turn   | Place    | Note
--------------------------------------------------------------
     0 | D:1      | siprus, the Spriggan Enchanter, began the quest for the Orb.
     0 | D:1      | Reached XP level 1. HP: 9/9 MP: 4/4
   331 | D:1      | Reached XP level 2. HP: 13/13 MP: 7/7
   606 | D:1      | Learned a level 2 spell: Ensorcelled Hibernation
   894 | D:2      | Found a basalt altar of Yredelemnul.
   895 | D:2      | Noticed a profane servitor
   908 | D:2      | Found a glowing golden altar of the Shining One.
  1095 | D:2      | Reached XP level 3. HP: 16/16 MP: 8/11
  1624 | D:2      | Reached XP level 4. HP: 21/21 MP: 11/14
  1725 | D:3      | Found an iron altar of Okawaru.
  1828 | D:3      | Learned a level 3 spell: Confuse
  1832 | D:3      | Learned a level 3 spell: Dazzling Spray
  2065 | D:3      | Found a stormy altar of Qazlal.
  2130 | D:3      | Found a blossoming altar of Fedhas.
  2327 | D:4      | Noticed a centaur
  2338 | D:4      | Killed a centaur
  2338 | D:4      | Reached skill level 5 in Stealth
  2338 | D:4      | Reached skill level 5 in Hexes
  2338 | D:4      | Reached XP level 5. HP: 11/24 MP: 13/18
  2527 | D:4      | Killed from afar by an orc priest

Action                   |  1- 3 |  4- 6 || total
-------------------------+-------+-------++-------
Melee: Dagger            |   113 |   104 ||   217
 Cast: Ensorcelled Hiber |    13 |    31 ||    44
       Confuse           |       |     2 ||     2
 Stab: Sleeping          |    19 |    24 ||    43
       Confused          |       |     2 ||     2
  Eat: Pizza             |       |     1 ||     1
